 Dungeon Crawl Stone Soup version 0.18.1-47-g9310371 (webtiles) character file.

84 Sirdec the Bolt Thrower (level 4, 0/26 HPs)
             Began as a Kobold Hunter on June 20, 2016.
             Was an Initiate of Gozag.
             Slain by an adder (4 damage)
             ... on level 2 of the Dungeon.
             The game lasted 00:13:57 (2145 turns).

Sirdec the Bolt Thrower (Kobold Hunter)             Turns: 2145, Time: 00:13:57

Health: 0/26       AC:  3    Str: 10 (11) XL:     4   Next: 72%
Magic:  4/4        EV: 15    Int:  8 (9)  God:    Gozag
Gold:   142        SH:  0    Dex: 16      Spells: 0 memorised, 3 levels left

rFire  . . .     SeeInvis .     b - +0 short sword
rCold  . . .     Gourm    .     c - +0 leather armour
rNeg   + . .     Faith    .     (shield restricted)
rPois  .         Spirit   .     (no helmet)
rElec  .         Dismiss  .     (no cloak)
rCorr  .         Reflect  .     (no gloves)
SustAt .         Harm     .     (no boots)
MR     .....                    (no amulet)
Stlth  ++........               (no ring)
                                e - ring of positive energy

@: lethally poisoned (0 -> -13), not resistant to hostile enchantments,
unstealthy
A: carnivore 3
a: Potion Petition, Call Merchant, Bribe Branch, Renounce Religion


You were on level 2 of the Dungeon.
You worshipped Gozag.
Gozag was noncommittal.
You were very full.

You visited 1 branch of the dungeon, and saw 2 of its levels.

You collected 181 gold pieces.
You paid 39 gold pieces to Gozag.

Inventory:

Hand Weapons
 a - a +1 hand crossbow
 b - a +0 short sword (weapon)
Missiles
 d - 50 bolts
Armour
 c - a +0 leather armour (worn)
Jewellery
 e - a ring of positive energy (left hand)
Scrolls
 h - 2 scrolls of amnesia {unknown}
 i - a scroll of recharging {unknown}
 j - a scroll of enchant weapon {unknown}
 k - a scroll of identify {unknown}
 p - a scroll of fear {unknown}
 r - a scroll of random uselessness {unknown}
Potions
 l - a potion of lignification
Books
 o - a Grand Grimoire

   Spells                             Type                      Level
   a - Monstrous Menagerie            Summoning                    7
   b - Summon Greater Demon           Summoning                    7
   c - Malign Gateway                 Summoning/Translocation      7
   d - Summon Horrible Things         Summoning                    8
Comestibles
 f - 2 meat rations
 m - a beef jerky
 n - a slice of pizza


   Skills:
 - Level 2.1 Fighting
 * Level 3.0 Short Blades
 + Level 5.9 Crossbows
 - Level 2.6 Dodging
 + Level 2.2 Stealth


You had 3 spell levels left.
You didn't know any spells.

Dungeon Overview and Level Annotations

Branches:
Dungeon (2/15)

Altars:
Dithmenos
Gozag
Okawaru
Qazlal
Sif Muna
Trog
Yredelemnul


Innate Abilities, Weirdness & Mutations

You are small and have problems with some larger weapons.
You are carnivorous and can eat meat at any time.


Message History

You are more poisoned.
The adder poisons you!
You hit the adder but do no damage.
The adder is almost dead.
You feel sick. The adder barely misses you.
You closely miss the adder.
The adder is almost dead.
You feel sick. The adder closely misses you.
You barely miss the adder.
The adder is almost dead.
You feel sick. The adder bites you. x2
* * * LOW HITPOINT WARNING * * *
You are more poisoned.
The adder poisons you!
Drink which item? (? for menu, Esc to quit)
It was a potion of cure mutation.
It has a very clean taste.
* * * LOW HITPOINT WARNING * * *
You feel sick. The kobold closely misses you. The adder bites you.
You die...
Your body crumbles into a pile of gold.

.######## #.........##########
.#......# #......S..##........
.#......# #.........##........
.#......### #.........##........
.)).......####.........##........
.#.....................#########.
####...................# #.
.._#...........K################.
#..#....##.....S@................
'#.#.............................
.##########.############.........
..### #........# #.........
..#.#### #...>....# #.........
..†....# #........# #.........
..#.##.# #........######.........
..####.# #.................######
.###...# #........######..##


You could see an adder and a kobold.

Vanquished Creatures
  3 gnolls (D:2)
  2 worms (D:2)
  2 dart slugs
  A ball python (D:2)
  8 goblins
  5 hobgoblins
  2 jackals (D:1)
  6 kobolds
  A quokka (D:2)
  5 bats
  5 giant newts
  6 rats
46 creatures vanquished.

Notes
Turn   | Place    | Note
--------------------------------------------------------------
     0 | D:1      | Sirdec the Kobold Hunter began the quest for the Orb.
     0 | D:1      | Reached XP level 1. HP: 12/12 MP: 1/1
    95 | D:1      | Reached skill level 5 in Crossbows
   137 | D:1      | Reached XP level 2. HP: 12/17 MP: 2/2
   836 | D:1      | Reached XP level 3. HP: 18/21 MP: 3/3
   871 | D:2      | Reached skill level 1 in Short Blades
  1360 | D:2      | Reached XP level 4. HP: 24/26 MP: 4/4
  1453 | D:2      | Found a basalt altar of Yredelemnul.
  1463 | D:2      | Found an iron altar of Okawaru.
  1475 | D:2      | Found a shadowy altar of Dithmenos.
  1484 | D:2      | Found an opulent altar of Gozag.
  1494 | D:2      | Found a bloodstained altar of Trog.
  1504 | D:2      | Found a stormy altar of Qazlal.
  1521 | D:2      | Found a deep blue altar of Sif Muna.
  1534 | D:2      | Became a worshipper of Gozag Ym Sagoz the Greedy
  2145 | D:2      | Slain by an adder

Skill      XL: |  1  2  3  4 |
---------------+-------------+-----
Crossbows      | 5 |  5.9
Short Blades   | 1 3 |  3.0
Stealth        | 2 |  2.2
Fighting       | |  2.1
Dodging        | |  2.6

Action                   |  1- 3 |  4- 6 || total
-------------------------+-------+-------++-------
Melee: Short sword       |   130 |    31 ||   161
 Fire: Hand crossbow     |    15 |     9 ||    24
  Use: Potion            |       |     3 ||     3
 Stab: Sleeping          |     3 |       ||     3
  Eat: Chunk             |     9 |     1 ||    10
Armor: Leather armour    |    21 |     2 ||    23
       Skin              |       |     1 ||     1
Dodge: Dodged            |    98 |    24 ||   122
